AoeStats
← RedPhosphoru

Arabian Desert

509688685Analyzed
1v1 RM · 5d ago on Sep 27, 2026· 27m 31s· 2 players
Game mode
Random Map
Map size
Tiny (2 player)
Population
200
Speed
Normal
Resources
Standard
Victory
Conquest
Starting age
Dark Age
Ending age
Imperial Age
RankedLock teamsTeams togetherTeam positionsShared explorationLock speedFull tech treeHidden civsTurbo modeCheats
Victory
Defeat
🇳🇱 Shu · Netherlands
2287
+22
🇺🇸 Malay · United States
2412
-22
[LW] Faneth
7:34 Loom
9:49 Feudal Age
11:44 Double-Bit Axe
14:11 Fletching
20:12 Castle Age
20:14 Crossbowman
20:51 Bodkin Arrow
21:11 Bow Saw
23:45 Gold Mining
RedPhosphoru
13:30 Feudal Age
12:07 Loom
13:12 Double-Bit Axe
17:02 Padded Archer Armor
22:18 Castle Age
20:15 Horse Collar
21:02 Scale Barding Armor
24:22 Husbandry
Connection lost

Rejoining the realm…

Still unreachable

The connection could not be restored.

Session expired

The server has moved on; the page needs a fresh start.